Map: Vaani Research Station (Void)

Players

DrAk

  • Race: Zerg Zerg
  • League: Platinum
  • Spawn Location: 12:00

Fropez - Winner!

  • Race: Protoss Protoss
  • League: Gold
  • Spawn Location: 6:00

VOD

Have the link to the VOD?

Description

Time

  • Played on: Jan. 18, 2017, 6:46 p.m.
  • Length: 8:38
Show
View Real Time Build Order
Export as new Build Order

DrAk Zerg 

Build Orders: Hatch First 

Get SALT Encoding   

  12  0:01  Drone  
  13  0:08  Drone  
  14  0:15  Extractor, Drone  
  15  0:22  Overlord  
  15  0:41  Drone x2  
  17  0:44  Drone  
  18  0:58  Hatchery  
  18  1:00  Drone  
  18  1:04  Extractor  
  17  1:17  Spawning Pool  
  16  1:20  Drone  
  16  1:23  Drone  
  18  1:29  Drone  
  19  1:37  Overlord  
  19  2:03  Queen  
  19  2:05  Zergling x4  
  19  2:07  Metabolic Boost  
  23  2:11  Queen  
  23  2:15  Drone  
  26  2:24  Zergling x2  
  26  2:28  Drone  
  28  2:38  Drone  
  29  2:44  Overlord  
  29  2:45  Overlord x2  
  29  2:54  Extractor  
  29  2:56  Drone  
  29  3:08  Drone  
  30  3:17  Drone  
  30  3:18  Drone x2  
  33  3:21  Lair  
  33  3:25  Baneling Nest  
  33  3:26  Drone  
  33  3:27  Drone x2  
  35  3:36  Queen  
  35  3:38  Drone  
  38  3:48  Zergling x2  
  38  3:49  Zergling x6  
  38  3:50  Zergling x2  
  38  3:52  Zergling x2  
  44  3:56  Drone  
  44  3:59  Drone  
  44  4:00  Drone  
  44  4:01  Drone  
  48  4:19  Centrifical Hooks  
  48  4:25  Zergling x10  
  48  4:26  Zergling x2  
  54  4:35  Drone  
  54  4:36  Drone x5  
  60  4:45  Overlord  
  60  4:47  Overlord  
  60  4:48  Overlord  
  60  5:04  Zergling x10  
  60  5:06  Zergling x6  
  68  5:20  Zergling x2  
  68  5:21  Zergling x2  
  70  5:27  Zergling x2  
  70  5:28  Zergling x2  
  72  5:37  Baneling  
  72  5:38  Baneling x7  
  72  5:45  Zergling x10  
  77  5:51  Overlord  
  77  5:57  Zergling x2  
  77  5:58  Zergling x6  
  81  6:06  Zergling x2  
  82  6:12  Zergling x2  
  82  6:13  Zergling x2  
  82  6:18  Overlord  
  84  6:19  Overlord x2  
  84  6:20  Zergling x2  
  85  6:29  Zergling x4  
  85  6:30  Zergling x4  
  86  7:00  Baneling x6  
  86  7:01  Baneling x4  
  83  7:02  Zergling x22  
  93  7:13  Zergling x2  
  76  7:36  Zergling x10  
  59  7:46  Hatchery  
  34  8:01  Hatchery  
Show
View Real Time Build Order
Export as new Build Order

Fropez Protoss - Winner!

Build Orders:  

Get SALT Encoding   

  12  0:01  Probe (Chrono Boost)  
  13  0:11  Probe (Chrono Boost)  
  14  0:20  Pylon  
  14  0:24  Probe (Chrono Boost)  
  15  0:38  Probe (Chrono Boost), Gateway  
  16  0:44  Assimilator  
  16  0:49  Probe (Chrono Boost)  
  17  0:59  Probe (Chrono Boost)  
  17  1:04  Gateway  
  18  1:10  Probe (Chrono Boost)  
  19  1:29  Probe (Chrono Boost)  
  19  1:31  Assimilator  
  20  1:39  Probe (Chrono Boost), Cybernetics Core  
  21  1:50  Pylon  
  21  1:52  Probe (Chrono Boost)  
  22  2:05  Warp Gate  
  22  2:11  Nexus  
  22  2:14  Probe (Chrono Boost)  
  24  2:30  Adept  
  24  2:31  Adept  
  26  2:43  Mothership Core (Chrono Boost)  
  28  2:49  Pylon  
  28  2:59  Pylon  
  28  3:03  Probe (Chrono Boost)  
  29  3:12  Assimilator  
  29  3:15  Twilight Council  
  29  3:16  Probe (Chrono Boost)  
  30  3:26  Probe (Chrono Boost)  
  32  3:28  Probe (Chrono Boost)  
  32  3:42  Resonating Glaives  
  32  3:48  Probe (Chrono Boost)  
  33  3:49  Gateway  
  33  3:51  Robotics Facility  
  33  3:59  Probe (Chrono Boost)  
  32  4:26  Probe x2 (Chrono Boost)  
  32  4:27  Pylon  
  32  4:28  Pylon  
  34  4:33  Forge  
  34  4:35  Pylon  
  34  4:38  Warp Prism, Probe (Chrono Boost)  
  37  4:50  Dark Shrine  
  37  4:52  Probe (Chrono Boost), Protoss Ground Weapons Level 1  
  38  4:55  Probe (Chrono Boost)  
  39  5:04  Probe (Chrono Boost)  
  41  5:07  Probe (Chrono Boost)  
  41  5:20  Probe (Chrono Boost)  
  41  5:21  Probe (Chrono Boost)  
  43  5:23  Observer  
  44  5:29  Gateway  
  44  5:34  Probe x2 (Chrono Boost)  
  46  5:37  Gateway  
  46  5:43  Gateway  
  46  5:45  Gateway  
  46  5:54  Adept x3  
  52  6:08  Probe (Chrono Boost)  
  52  6:09  Probe (Chrono Boost)  
  54  6:17  Assimilator  
  54  6:18  Pylon, Dark Templar  
  54  6:25  Dark Templar x2  
  60  6:45  Adept x2  
  64  6:58  Adept x2  
  68  7:14  Pylon  
  70  7:15  Photon Cannon  
  70  7:17  Probe x2 (Chrono Boost)  
  70  7:22  Photon Cannon  
  69  7:34  Dark Templar  
  69  7:36  Dark Templar  
  73  7:37  Dark Templar x3  
  73  7:38  Dark Templar  
  73  7:44  Adept x2  
  81  7:49  Gateway  
  81  7:54  Pylon  
  77  8:10  Probe (Chrono Boost)  
  79  8:14  Probe (Chrono Boost)  
  79  8:17  Dark Templar  
  81  8:25  Gateway x2  
  81  8:30  Pylon  
  81  8:35  Nexus  
Tags
 
Add a new tag
Caveats
  • Supply blocks, unpowered buildings, or Contaminate may cause inaccurate times.
  • Supply counts are checked every 10 seconds.